Unix NetHack Version 5.0.0-0 post-release - last build May  4 2026 22:22:43 (774f63e81ad911689b3a0859ea89b322d5daca8d,branch:main).

Game began 2026-05-05 09:22:55, ended 2026-05-05 09:33:09.

31245981910, chaotic female orcish Rogue

                     ----------------
                    #...............|                                      ---
                    #|...............                                    #..!|
    -----           #|...........>..|                                    #  !|
    |...|           #---------|------           ---------------          #
    |.<.|           ####      #             ####-.............-#         #
    |..^-##            #      ####        ###   |.............|#         #
    |...| ##           #         ####     #     |.............|#         #
    |...|  ##          #        ----|-   ##     ---------------#         @:##
    |...-## #          #        |....|   #                     ##           #
    -----   #          #        |..>.|  ##                      #           #
            #          #        |....| ##                       ########### #
            #    ------#        |....%##                          # ------.-#
            #    |F...|[        ------                              .......|#
            ###  |....|#                                            |......-#
              ###.....|#                                            |%.....|
                 |....-)                                            --------
                 ------

31245981910 the Cutpurse  St:14 Dx:16 Co:18 In:8 Wi:10 Ch:9  Chaotic
Dlvl:3  $:0  HP:0(33) Pw:8(8) AC:7  Xp:3 T:1318 

Latest messages:
 You miss the gas spore.
 You kill the gas spore!
 Boom!
 You are caught in the gas spore's explosion!
 Welcome to experience level 3.
 You find a hidden passage.
 The door resists!
 The door resists!
 The door opens.
 You hear someone cursing shoplifters.
 Something is written here in the dust.
 You read: "Closed for inventory".
 This door is locked.
 Unlock it with your lock pick? [ynq] (q) q
 In what direction? 6
 Thwack!!
 In what direction? 6
 Thwack!!
 In what direction? 6
 Whammm!!
 In what direction? 6
 Thwack!!
 In what direction? 6
 Whammm!!
 In what direction? 6
 As you kick the door, it crashes open!
 Brzeg appears next to you!
 "How dare you break my door?"
 Brzeg zaps a steel wand!
 The wand misses you.
 Brzeg zaps a steel wand!
 The wand hits you!
 Brzeg zaps a wand of striking!
 The wand hits you!
 The wand hits the little dog!
 The little dog is killed!
 You miss Brzeg.
 Brzeg zaps a wand of striking!
 The wand hits you!
 You hit Brzeg.
 The gecko just misses!
 Brzeg zaps a wand of striking!
 The wand hits you!
 You die...
 Brzeg takes all your possessions.
 Do you want to see what you had when you died? [ynq] (y) y
 Do you want to see your attributes? [ynq] (y) y
 Do you want an account of creatures vanquished? [ynaq] (y) y
 Do you want to see your conduct and achievements? [ynq] (y) y
 Do you want to see the dungeon overview? [ynq] (y) y

Inventory:
 Weapons  (')')
  b - 11 +0 orcish daggers (alternate weapons; not wielded)
  a - a +0 orcish short sword (weapon in right hand)
 Armor    ('[')
  c - an uncursed +1 leather armor (being worn)
 Comestibles  ('%')
  h - an uncursed cream pie
  g - an uncursed tin of pickled lichen
 Scrolls  ('?')
  l - an uncursed scroll of destroy armor
  i - an uncursed scroll of identify
 Potions  ('!')
  j - an uncursed potion of extra healing
  k - an uncursed potion of hallucination
  d - an uncursed potion of sickness
 Tools    ('(')
  f - an empty uncursed sack
  e - an uncursed lock pick

31245981910 the Rogue's attributes:

Background:
 You were a Cutpurse, a level 3 female orcish Rogue.
 You were chaotic, nominally on a mission for Kos
 who was opposed by Issek (lawful) and Mog (neutral).
 You were right-handed.
 You were in the Dungeons of Doom, on level 3.
 You entered the dungeon 1318 turns ago.
 You had 41 experience points, 39 more were needed to attain level 4.

Basics:
 You had 0 out of 33 hit points.
 You had all 8 energy points (spell power).
 Your armor class was 7.
 Your wallet was empty.
 Autopickup was off.

Final Characteristics:
 Your strength was 14 (limit:18/50).
 Your dexterity was 16 (limit:18).
 Your constitution was 18 (limit:18).
 Your intelligence was 8 (limit:16).
 Your wisdom was 10 (limit:16).
 Your charisma was 9 (limit:16).

Final Status:
 You weren't hungry.
 You were unencumbered.
 You were wielding a short sword.
 You had basic skill with short sword.

Final Attributes:
 You were devoutly aligned.
 You were poison resistant.
 You had infravision.
 You were stealthy.
 You were warded.
 You are dead.

Miscellaneous:
 You didn't encounter any bones levels.
 Total elapsed playing time was 10 minutes and 13 seconds.

Major events:
 Turn
    1: 31245981910 the chaotic female orcish Rogue entered the dungeon
 1231: attained the rank of Cutpurse (level 3)
 1318: killed by a wand

You didn't know any spells.

Skills:
 Fighting Skills
   bare handed combat [Unskilled]
   two weapon combat  [Unskilled]
   riding             [Unskilled]
 Weapon Skills
   dagger             [Basic]
   knife              [Unskilled]
   short sword        [Basic]
   broadsword         [Unskilled]
   long sword         [Unskilled]
   two-handed sword   [Unskilled]
   saber              [Unskilled]
   club               [Unskilled]
   mace               [Unskilled]
   morning star       [Unskilled]
   flail              [Unskilled]
   hammer             [Unskilled]
   polearms           [Unskilled]
   spear              [Unskilled]
   crossbow           [Unskilled]
   dart               [Unskilled]
   shuriken           [Unskilled]
 Spellcasting Skills
   divination spells  [Unskilled]
   escape spells      [Unskilled]
   matter spells      [Unskilled]

Voluntary challenges:
 Character rerolling was not enabled.
 You were an atheist.
 You were illiterate.
 You never genocided any monsters.
 You never polymorphed an object.
 You never changed form.
 You used no wishes.
Achievements:
 You entered a shop.
 You attained the rank of Cutpurse.

 The Dungeons of Doom: levels 1 to 3
    Level 1:
       A fountain.
    Level 2:
       A general store, many altars, many fountains.
    Level 3: <- You were here.
       Final resting place for
          you, killed by a wand.


Vanquished creatures:
  a little dog
  a gas spore
  a hobbit
  a yellow mold
  a gecko
  3 jackals
  a fox
  a kobold
  2 grid bugs
  3 lichens
  4 newts
19 creatures vanquished.

No species were genocided or became extinct.

Game over:
                       ----------
                      /          \
                     /    REST    \
                    /      IN      \
                   /     PEACE      \
                  /                  \
                  |   31245981910    |
                  |       0 Au       |
                  | killed by a wand |
                  |                  |
                  |                  |
                  |                  |
                  |       2026       |
                 *|     *  *  *      | *
        _________)/\\_//(\/(/\)/\//\/|_)_______

Goodbye 31245981910 the Rogue...

You died in The Dungeons of Doom on dungeon level 3 with 264 points,
and 0 pieces of gold, after 1318 moves.
You were level 3 with a maximum of 33 hit points when you died.

